 Dungeon Crawl Stone Soup version 0.20-a0-870-g4070442 (webtiles) character file.

52 4thArraOfDagon the Vexing (level 3, -4/16 HPs)
             Began as a Felid Wanderer on Mar 13, 2017.
             Was an Initiate of Cheibriados.
             Killed by nerve-wracking pain
             ... invoked by a shadow imp
              (13 damage)
             ... on level 6 of the Dungeon.
             The game lasted 00:03:32 (826 turns).

4thArraOfDagon the Vexing (Felid Wanderer)           Turns: 826, Time: 00:03:33

Health: -4/16      AC:  1    Str:  9    XL:     3   Next: 60%
Magic:  5/5        EV: 17    Int: 13    God:    Cheibriados [......]
Gold:   28         SH:  0    Dex: 18    Spells: 4/4 levels left
                                        Lives:  0   Deaths: 0

rFire    . . .     SeeInvis +     - Unarmed
rCold    . . .     Gourm    .   (armour unavailable)
rNeg     . . .     Faith    .   (shield unavailable)
rPois    .         Spirit   .   (helmet unavailable)
rElec    .         Reflect  .   (cloak unavailable)
rCorr    .         Harm     .   (gloves unavailable)
MR       .....                  (boots unavailable)
Stlth    +++.......             (no amulet)
Regen    0.1/turn               (no ring)
MPRegen  0.1/turn               (no ring)

@: slow
A: no armour, no weapons or thrown items, stealth, claws 1, fangs 3, see
invisible, carnivore 3, speed 1, shaggy fur 1, slow metabolism 1, sharp paws
a: Bend Time, Renounce Religion


You were on level 6 of the Dungeon.
You worshipped Cheibriados.
Cheibriados was noncommittal.
You were full.

You visited 2 branches of the dungeon, and saw 8 of its levels.

You collected 28 gold pieces.

Inventory:

Wands
 a - a wand of flame (9/48)
Scrolls
 d - a scroll of teleportation
 e - a scroll of fear {unknown}
 g - a scroll of identify {unknown}
 h - a scroll of remove curse {unknown}
Books
 c - Fioczol's Catalogue of Calling

   Spells                             Type                      Level
   a - Summon Butterflies             Summoning                    1
   b - Recall                         Summoning/Translocation      3
Comestibles
 f - 2 meat rations


   Skills:
 - Level 2.0 Fighting
 + Level 1.8 Dodging
 + Level 3.7 Stealth
 * Level 2.5 Unarmed Combat
 - Level 1.0 Spellcasting
   Level 4.4 Hexes
   Level 1.0 Air Magic


You had 4 spell levels left.
You didn't know any spells.

Dungeon Overview and Level Annotations

Branches:
Dungeon (7/15)             Temple (1/1) D:7

Altars:
Ashenzari
Cheibriados
Fedhas
Hepliaklqana
Nemelex Xobeh
Okawaru
Trog
Vehumet
The Shining One

Annotations:
D:4 hittembot's ghost, amateur MiFi
D:5 4thArraOfDagon's ghost, weakling FeWn


Innate Abilities, Weirdness & Mutations

You cannot wear armour.
You are incapable of wielding weapons or throwing items.
Your paws allow you to move quietly. (Stealth)
You have sharp claws.
You have razor-sharp teeth.
You have supernaturally acute eyesight. (SInv)
You are carnivorous and can eat meat at any time.
You cover ground quickly.
You are covered in fur. (AC +1)
You have a slow metabolism.
Your sharp claws are effective at attacking unaware monsters.


Message History

a - a wand of flame (?/48) {zapped: 2} The shadow imp hits you.
You scratch the shadow imp.
The shadow imp is moderately wounded.
You scratch the shadow imp but do no damage.
You bite the shadow imp.
The shadow imp is heavily wounded.
The shadow imp misses you.
You scratch the shadow imp but do no damage.
The shadow imp is heavily wounded.
The shadow imp closely misses you.
You scratch the shadow imp but do no damage.
The shadow imp is heavily wounded.
The shadow imp closely misses you.
You closely miss the shadow imp.
The shadow imp is heavily wounded.
The shadow imp gestures at you. Pain shoots through your body!
Ouch! That really hurt!
You die...

####..g.#.#
###.....#.#
##.#...###.#
####.....<..#.#
......#...#.#.#
..............#
.......(#.#.###
....###..5#.#
... #.#>@.# ..
#.#.### #.#.#
#...# #####


You could see a shadow imp.

Vanquished Creatures
  A hound (D:7)
  An adder (D:2)
  An adder skeleton (D:4)
  A bat (D:3)
  A giant cockroach (D:7)
  A goblin (D:6)
  2 hobgoblins
  A jackal (D:7)
  A frilled lizard (D:3)
  A kobold (D:3)
  A rat (D:3)
12 creatures vanquished.

Notes
Turn   | Place    | Note
-------+----------+-------------------------------------------
     0 | D:1      | 4thArraOfDagon the Felid Wanderer began the quest for the Orb.
     0 | D:1      | 4thArraOfDagon set off with: a potion of haste, a potion of heal wounds, Fioczol's Catalogue of Calling, a scroll of teleportation, a meat ration
     0 | D:1      | Reached XP level 1. HP: 9/9 MP: 3/3
     0 | D:1      | Identified Fioczol's Catalogue of Calling
    26 | D:2      | Reached skill level 1 in Dodging
    26 | D:2      | Reached XP level 2. HP: 12/13 MP: 4/4
   193 | D:4      | Noticed hittembot's ghost (amateur MiFi)
   276 | D:4      | Noticed an ogre
   284 | D:5      | Entered Level 5 of the Dungeon
   300 | D:5      | Found a shattered altar of Ashenzari.
   319 | D:5      | Noticed 4thArraOfDagon's ghost (weakling FeWn)
   359 | D:6      | Found a radiant altar of Vehumet.
   377 | D:7      | Found a staircase to the Ecumenical Temple.
   396 | Temple   | Entered the Ecumenical Temple
   420 | Temple   | Became a worshipper of Cheibriados the Contemplative
   721 | D:7      | Noticed a scorpion
   724 | D:7      | Noticed a phantom
   737 | D:7      | Noticed a crimson imp
   796 | D:7      | Reached XP level 3. HP: 11/16 MP: 5/5
   803 | D:7      | Found a glowing golden altar of the Shining One.
   814 | D:7      | Noticed a killer bee
   826 | D:6      | Killed from afar by a shadow imp

Vault maps used:
D:1:      saegor_arrival_simple_c
D:2:      overflow_temple_1_default, chequers_temple_overflow_statue_of_worship,
          nicolae_overflow_crystal_walls
D:3:      eat_drink_and_be_merry_uskayaw, mrwooster_statue_mirror, uniq_natasha,
          uniq_robin, uniq_sigmund
D:4:      uniq_pikel, uniq_grinder
D:5:      first_bread, minmay_misc_feat_encased, nicolae_ashenzari_panopticon
D:6:      vehumet_altar_wand_db
D:7:      kennysheep_little_box, minmay_temple_entry_mist, basic_altar,
          grunt_potential, uniq_prince_ribbit1
Temple:   regret_index_temple_sphere_string

Skill      XL: |  1  2 |
---------------+-------+-----
Dodging        | 1 |  1.8
Stealth        | 3 |  3.7
Unarmed Combat | 2 |  2.5
Fighting       | |  2.0
Spellcasting   | |  1.0
Hexes          | |  4.4
Air Magic      | |  1.0

Action                   || total
-------------------------++-------
Melee: Unarmed           ||    43
       Bite              ||     3
  Use: Potion            ||     4
       Scroll            ||     1
 Stab: Sleeping          ||     6
  Eat: Chunk             ||     4
Armor: Skin              ||     3
Dodge: Dodged            ||    41
